 Dungeon Crawl Stone Soup version 0.28.0-47-ge53b351184 (webtiles) character file.

Game seed: 9628163328175559919

4335 Peloso the Carver (level 10, -15/88 HPs)
             Began as a Minotaur Fighter on May 7, 2022.
             Was a Believer of Okawaru.
             Killed from afar by an acid dragon (24 damage)
             ... with a splash of acid
             ... on level 8 of the Dungeon.
             The game lasted 00:13:41 (8314 turns).

Peloso the Carver (Minotaur Fighter)                Turns: 8314, Time: 00:13:42

Health: -15/88     AC: 13    Str: 23    XL:     10   Next: 12%
Magic:  10/10      EV:  7    Int:  5    God:    Okawaru [**....]
Gold:   358        SH:  5    Dex: 12    Spells: 9/9 levels left

rFire   . . .      SeeInvis .   a - +0 long sword
rCold   . . .      Faith    .   c - +0 buckler
rNeg    . . .      Spirit   .   v - +0 plate armour
rPois   .          Reflect  .   (helmet restricted)
rElec   .          Harm     .   m - +0 cloak
rCorr   .          Rampage  .   r - +0 pair of gloves
Will    +....                   (no boots)
Stlth   ..........              (no amulet)
HPRegen 0.24/turn               g - ring of willpower
MPRegen 0.12/turn               (no ring)

@: about to teleport, corroded
A: horns 2, retaliatory headbutt
a: Renounce Religion, Heroism


You were on level 8 of the Dungeon.
You worshipped Okawaru.
Okawaru was pleased with you.
You visited 2 branches of the dungeon, and saw 9 of its levels.

You collected 358 gold pieces.

Inventory:

Hand Weapons
 a - a +0 long sword (weapon)
Armour
 b - a +0 scale mail
 c - a +0 buckler (worn)
 m - a +0 cloak (worn)
 n - a +0 chain mail
 r - a +0 pair of gloves (worn)
 v - a +0 plate armour (worn)
Jewellery
 g - a ring of willpower (left hand)
 j - a ring of magical power
 k - a ring of fire
Scrolls
 i - 2 scrolls of immolation
 l - 2 scrolls of holy word
 q - a scroll of fog
 s - 2 scrolls of teleportation
 t - a scroll of silence
 u - a scroll of fear {unknown}
 y - a scroll of vulnerability {unknown}
 z - a scroll of magic mapping {unknown}
 A - a scroll of enchant weapon {unknown}
Potions
 d - a potion of might
 e - a potion of haste
 h - a potion of magic
 o - 2 potions of resistance
 x - a potion of cancellation


   Skills:
 + Level 7.7 Fighting
 + Level 11.6 Long Blades
 + Level 9.6 Armour
 + Level 2.9 Dodging
 + Level 2.2 Stealth
 + Level 6.4 Shields
 + Level 1.6 Invocations


You had 9 spell levels left.
You didn't know any spells.
Your spell library contained the following spells:

 Spells                   Type           Power      Damage    Failure   Level
 Pain                     Necr           0%         1d4       100%        1
 Slow                     Hex            0%         N/A       100%        1
 Confusing Touch          Hex            0%         N/A       100%        3
 Ignite Poison            Fire/Tmut/Pois 0%         N/A       100%        3
 Mephitic Cloud           Conj/Pois/Air  0%         N/A       100%        3
 Vampiric Draining        Necr           0%         2d6       100%        3
 Passage of Golubria      Tloc           0%         N/A       100%        4
 Blade Hands              Tmut           0%         N/A       100%        5
 Freezing Cloud           Conj/Ice/Air   0%         6-21      100%        5
 Irradiate                Conj/Tmut      0%         3d13      100%        5
 Yara's Violent Unravell  Hex/Tmut       0%         3d3       100%        5
 Dragon Form              Tmut           0%         N/A       100%        7
 Animate Skeleton         Necr           Unusable   N/A       N/A         1
 Tukima's Dance           Hex            Unusable   N/A       N/A         3

Dungeon Overview and Level Annotations

Branches:
Dungeon (8/15)             Temple (1/1) D:4
   Lair: D:8-11

Altars:
Cheibriados
Dithmenos
Elyvilon
Gozag
Hepliaklqana
Kikubaaqudgha
Nemelex Xobeh
Okawaru
Qazlal
Ru
Sif Muna
Uskayaw
Yredelemnul
The Shining One

Annotations:
D:4 2 transporters
D:6 3 runed translucent doors, hitsuchi's ghost, amateur NaTm


Innate Abilities, Weirdness & Mutations

You have a pair of horns on your head.
You reflexively headbutt those who attack you in melee.


Message History

There is a stone staircase leading down, spattered with blood here.
Unknown command.
You feel better. Harold gestures at you while chanting.
You barely resist.
Unknown command.
You barely miss Harold. You headbutt Harold, but do no damage.
Harold is lightly wounded.
Harold closely misses you.
You slash Harold! You headbutt Harold!
Harold is heavily wounded.
Harold hits you but does no damage.
You slash Harold! You headbutt Harold, but do no damage.
Harold is heavily wounded.
An acid dragon comes into view.
Harold hits you but does no damage.
You hit Harold but do no damage. You headbutt Harold.
Harold is severely wounded.
You slash Harold! You headbutt Harold!
Harold is almost dead.
Harold hits you but does no damage.
You hit Harold. You headbutt Harold.
You kill Harold!
Okawaru is honoured by your kill. The acid dragon spits acid at you.
The splash of acid hits you.
* * * LOW HITPOINT WARNING * * *
The acid corrodes you!
You have reached level 10!
You feel like a meek peon again.
Okay, then.
Blink to where?
Press: ? - help, Dir - move target
Found a shiny silver ring.
Found a stone staircase leading down.
As you read the scroll of blinking, it crumbles to dust.
As you read the scroll of teleportation, it crumbles to dust.
You feel strangely unstable. The acid dragon spits acid at you.
The splash of acid hits you!!
You die...

.......#.....
..#..............#....#
. ...=...............#
.. .................##
... .............)>..##
.>..#............#....#
..........##....##....##
..........#...D###.....#
.......@..............##
............#.#.##....#
###.........########..#
###........# ####
###......# ##...### #.##
##


You could see an acid dragon (catching breath).

Vanquished Creatures
  Harold (D:8)
  An ugly thing (D:7)
  Joseph (D:7)
  Grinder (D:3)
  A hornet (D:8)
  A steam dragon (D:8)
  Menkaure (D:6)
  A water moccasin (D:6)
  Duvessa (D:4)
  2 sky beasts
  3 black bears
  A necrophage (D:5)
  An orc warrior (D:7)
  An ogre (D:4)
  3 bullfrogs
  A wyvern zombie (D:8)
  4 scorpions
  A water moccasin skeleton (D:6)
  Dowan (D:4)
  5 wights (D:8)
  2 killer bees (D:8)
  2 howler monkeys (D:7)
  A centaur zombie (D:7)
  A bullfrog zombie (D:5)
  4 hounds
  4 orc priests
  2 centaur skeletons
  2 orc wizards
  A howler monkey zombie (D:6)
  5 adders
  A white imp (D:7)
  3 worms (D:2)
  A dart slug (D:2)
  13 orcs
  5 endoplasms
  3 giant cockroaches
  5 goblins
  5 hobgoblins
  4 quokkas
  5 ball pythons
  3 bats
  6 kobolds
  2 rats
112 creatures vanquished.

Notes
Turn   | Place    | Note
-------+----------+-------------------------------------------
     0 | D:1      | Peloso the Minotaur Fighter began the quest for the Orb.
     0 | D:1      | Reached XP level 1. HP: 19/19 MP: 0/0
   312 | D:1      | Reached XP level 2. HP: 27/27 MP: 1/1
   736 | D:1      | Found a faded altar of an unknown god.
  1377 | D:2      | Reached XP level 3. HP: 33/33 MP: 2/2
  1491 | D:2      | Reached skill level 3 in Long Blades
  2113 | D:3      | Reached XP level 4. HP: 40/40 MP: 3/3
  2402 | D:3      | Noticed Grinder
  2417 | D:3      | Paralysed by Grinder for 3 turns
  2421 | D:3      | Killed Grinder
  2422 | D:3      | Reached skill level 5 in Long Blades
  2422 | D:3      | Reached skill level 5 in Armour
  2422 | D:3      | Reached XP level 5. HP: 35/47 MP: 4/4
  2422 | D:3      | Reached XP level 6. HP: 40/53 MP: 5/5
  2845 | D:4      | Found a transporter.
  2852 | D:4      | Found a transporter.
  2913 | D:4      | Reached skill level 1 in Dodging
  2943 | D:4      | Noticed Duvessa
  2945 | D:4      | Noticed Dowan
  2989 | D:4      | Killed Duvessa
  2990 | D:4      | Reached skill level 6 in Long Blades
  2990 | D:4      | Killed Dowan
  2991 | D:4      | Reached XP level 7. HP: 42/60 MP: 6/6
  3132 | D:4      | HP: 3/60 [orc priest/divine providence (16)]
  3393 | D:4      | Reached skill level 5 in Fighting
  3405 | D:4      | Found a staircase to the Ecumenical Temple.
  3484 | D:4      | You fall into a shaft and drop 3 floors!
  3489 | D:7      | Reached skill level 7 in Long Blades
  3538 | D:7      | Reached skill level 5 in Shields
  3643 | D:5      | Entered Level 5 of the Dungeon
  3797 | D:5      | Reached XP level 8. HP: 68/68 MP: 7/7
  4137 | Temple   | Entered the Ecumenical Temple
  4205 | Temple   | Became a worshipper of Warmaster Okawaru
  4309 | D:5      | Reached skill level 8 in Long Blades
  5139 | D:6      | Noticed Menkaure
  5174 | D:5      | HP: 3/70 [something (6)]
  5603 | D:6      | Reached skill level 9 in Long Blades
  5613 | D:6      | Reached * piety under Okawaru
  5614 | D:6      | Reached skill level 1 in Stealth
  5635 | D:6      | Noticed hitsuchi's ghost (amateur NaTm)
  5662 | D:6      | Found a runed translucent gate.
  5662 | D:6      | Found a runed translucent gate.
  5662 | D:6      | Found a runed translucent gate.
  6145 | D:6      | Killed Menkaure
  6682 | D:7      | Reached XP level 9. HP: 58/78 MP: 5/8
  6694 | D:7      | Noticed Joseph
  6708 | D:7      | HP: 4/117 [Joseph/+1 spectral quarterstaff (7)]
  6710 | D:7      | Killed Joseph
  6711 | D:7      | Reached skill level 10 in Long Blades
  7379 | D:7      | Noticed a green ugly thing
  7388 | D:7      | Killed a green ugly thing
  7560 | D:7      | Found a hide-covered altar of Uskayaw.
  7604 | D:7      | Found an opulent altar of Gozag.
  7604 | D:7      | Found a basalt altar of Yredelemnul.
  7604 | D:7      | Found a shadowy altar of Dithmenos.
  8196 | D:8      | Reached ** piety under Okawaru
  8224 | D:8      | Reached skill level 1 in Invocations
  8232 | D:8      | Noticed a gargoyle
  8232 | D:8      | Noticed a gargoyle
  8236 | D:8      | Noticed a gargoyle
  8256 | D:8      | Reached skill level 11 in Long Blades
  8289 | D:8      | Noticed Harold
  8305 | D:8      | Killed Harold
  8306 | D:8      | Reached XP level 10. HP: 7/88 MP: 10/10
  8314 | D:8      | Killed from afar by an acid dragon

Illustrated notes

Levels and vault maps discovered:
D:1:      matt_arrival_spirals, layout_basic, nicolae_ecumenical_snake_handling,
          due_unseen_surprise
D:2:      layout_basic, serial_bayou_ford_a
D:3:      layout_rooms, minmay_misc_feat_five, uniq_grinder
D:4:      gammafunk_wand_slinger, layout_basic, minmay_temple_entry_hall,
          uniq_duvessa
D:5:      layout_cave_pods, serial_column_ruins, column_ruins_grid_1,
          column_ruins_grid_1, column_ruins_corridor_dead_end,
          column_ruins_grid_4, column_ruins_grid_3, column_ruins_open_tiny,
          supply_closet_lemuel, hex_large
D:6:      layout_loops_ring, gammafunk_ghost_icy, uniq_menkaure
D:7:      layout_loops_ring, gammafunk_temple_overflow_claw,
          nicolae_uskayaw_suspiria, uniq_joseph
D:8:      minmay_bloctagon, layout_cave_pools, marbit_many_paths,
          enter_bailey_8, dilly_guarded_unrand_elemental_staff, uniq_harold
Temple:   minmay_crystal_spiral_temple

Skill      XL: |  1  2  3  4  5  6  7  8  9 |
---------------+----------------------------+-----
Armour         | 4 5 6 8 9 |  9.6
Fighting       | 4 5 6 7 |  7.7
Long Blades    | 3 5 6 7 9 11 | 11.6
Shields        | 4 5 6 |  6.4
Dodging        | 1 2 |  2.9
Stealth        | 1 2 |  2.2
Invocations    | 1 |  1.6

Action                   |  1- 3 |  4- 6 |  7- 9 | 10-12 || total
-------------------------+-------+-------+-------+-------++-------
Melee: Long sword        |    85 |    52 |   259 |       ||   396
       Headbutt          |    14 |     9 |    56 |       ||    79
Invok: Heroism           |       |       |     7 |       ||     7
  Use: Scroll            |     2 |     2 |    12 |     2 ||    18
       Potion            |     2 |       |     4 |       ||     6
 Stab: Distracted        |       |       |     1 |       ||     1
Armor: Scale mail        |    53 |     7 |       |       ||    60
       Chain mail        |       |    14 |   136 |       ||   150
       Plate armour      |       |       |    25 |       ||    25
Dodge: Dodged            |    44 |    20 |    81 |       ||   145
Block: Buckler           |    22 |    15 |    63 |       ||   100
